 Dungeon Crawl Stone Soup version 0.29-a0-97-g88c9fad16d (console) character file.

Game seed: 17608451891181215301

5401 petzl the Sneak (level 10, -12/1 (77) HPs)
             Began as a Formicid Arcane Marksman on Feb 12, 2022.
             Killed from afar by a manticore (13 damage)
             ... with a volley of spikes
             ... on level 15 of the Dungeon on Feb 14, 2022.
             The game lasted 01:15:19 (11101 turns).

petzl the Sneak (Formicid Arcane Marksman)         Turns: 11101, Time: 01:15:20

HP:   -12/1 (77)    AC:  9    Str: 15    XL:     10   Next: 98%
MP:   21/21         EV: 14    Int: 14    God:
Gold: 643           SH:  0    Dex: 16    Spells: 13/24 levels left

rFire   . . .      SeeInvis +   a - +0 scimitar (protect)
rCold   . . .      Faith    .   (no shield)
rNeg    . . .      Spirit   .   m - +1 robe of the Undertaker {Int-3 Dex+5 Slay+4 Stlth+}
rPois   .          Reflect  .   (helmet unavailable)
rElec   .          Harm     .   (no cloak)
rCorr   .          Rampage  .   l - +1 pair of gloves
Will    +....                   (no boots)
Stlth   +++++.....              (no amulet)
HPRegen 0.01/turn               u - ring of flight
MPRegen 0.17/turn               B - +4 ring of protection

@: spiked, flying, extremely drained
A: permanent stasis, dig shafts and tunnels, antennae 3, four strong arms
a: Dig, Shaft Self


You were on level 15 of the Dungeon.
You visited 1 branch of the dungeon, and saw 14 of its levels.

You collected 692 gold pieces.
You spent 49 gold pieces at shops.

Inventory:

Hand Weapons
 a - a +0 scimitar of protection (weapon)
 b - a +0 hand crossbow of venom
 n - a +1 short sword of venom
 z - a +2 short sword of draining
 E - a +2 war axe of freezing {!f =f}
Missiles
 c - 12 bolts
 s - 6 javelins
 t - 12 poisoned darts
 y - a curare-tipped dart (quivered) {!*}
Armour
 l - a +1 pair of gloves (worn)
 m - the +1 robe of the Undertaker (worn) {Int-3 Dex+5 Slay+4 Stlth+}
   (You found it on level 3 of the Dungeon)

   Int:       It affects your intelligence (-3).
   Dex:       It affects your dexterity (+5).
   Slay:      It affects your accuracy & damage with ranged weapons and melee
   (+4).
   Stlth:     It makes you more stealthy.
 C - a +3 leather armour
 F - a +0 ring mail of fire resistance
Jewellery
 u - a ring of flight (left hand)
 w - a ring of ice
 B - a +4 ring of protection (right hand)
 H - a ring of ice
Wands
 e - a wand of acid (4)
 D - a wand of charming (1)
Scrolls
 o - 3 scrolls of fog
 p - a scroll of torment
 v - a scroll of fear
 A - a scroll of amnesia
Potions
 f - a potion of haste {unknown}
 i - a potion of attraction {unknown}
 j - a potion of heal wounds
 k - a potion of curing
 q - a potion of brilliance {unknown}
 r - a potion of lignification {unknown}
 x - a potion of degeneration {unknown}
 G - a potion of flight {unknown}


   Skills:
 + Level 6.7 Fighting
 - Level 2.0 Long Blades
 - Level 4.0 Crossbows
 - Level 3.2 Armour
 + Level 4.9 Dodging
 + Level 7.9 Stealth
 + Level 7.7 Spellcasting
 * Level 4.5 Conjurations
 + Level 4.2 Hexes
 + Level 2.7 Air Magic
 - Level 3.0 Evocations


You had 13 spell levels left.
You knew the following spells:

 Your Spells              Type           Power      Damage    Failure   Level
a - Slow                  Hex            68%        N/A       2%          1
b - Conjure Ball Lightni  Conj/Air       7%         3x3d6     99%         6
c - Cause Fear            Hex            8%         N/A       22%         4

Your spell library contained the following spells:

 Spells                   Type           Power      Damage    Failure   Level
 Ensorcelled Hibernation  Hex/Ice        22%        N/A       9%          2
 Beastly Appendage        Tmut           10%        N/A       13%         1
 Inner Flame              Hex/Fire       11%        N/A       17%         3
 Portal Projectile        Hex/Tloc       22%        N/A       17%         3
 Wereblood                Tmut           5%         N/A       21%         2
 Spider Form              Tmut/Pois      5%         N/A       36%         3
 Anguish                  Hex/Necr       5%         N/A       50%         4
 Iskenderun's Battlesphe  Conj           18%        2d7       50%         5
 Manifold Assault         Tloc           5%         N/A       98%         5
 Iron Shot                Conj/Erth      5%         9d2       100%        6
 Spellforged Servitor     Conj/Summ      5%         N/A       100%        7
 Storm Form               Tmut/Air       4%         N/A       100%        7
 Discord                  Hex            8%         N/A       100%        8
 Disjunction              Tloc           2%         N/A       100%        8
 Blink                    Tloc           Unusable   N/A       N/A         2

Dungeon Overview and Level Annotations

Branches:
Dungeon (15/15)               Orc (0/2) D:9          Depths (0/4) D:15
 Temple: D:4-7         Lair: D:8-11      Vaults: D:13-14

Altars:
Fedhas
Kikubaaqudgha
Qazlal
Yredelemnul
Zin

Shops:
D:5 (   D:7 (

Annotations:
D:4 exclusion: downstairs
D:7 Maggie
D:9 exclusion: vampire
D:10 exclusion: upstairs, Snorg
D:11 exclusions: shadow and 2 vampire mosquitoes
D:12 exclusions: tengu conjurer, tengu warrior and ugly thing
D:14 1 transporter, exclusion: ugly thing
D:15 exclusions: centaur warrior, queen bee and 2 upstairs


Innate Abilities, Weirdness & Mutations

You cannot be hasted, slowed, berserked, paralysed or teleported.
You can dig through walls and to a lower floor.
You have a pair of large antennae on your head. (SInv)
Your four strong arms can wield two-handed weapons with a shield.


Message History

You dig through the rock wall.
You feel drained.
You dig through the rock wall.
You feel drained.
You dig through the rock wall.
You feel drained.
You dig through the rock wall.
You feel drained.
You dig through the rock wall.
You feel drained.
You dig through the rock wall.
You feel drained.
You dig through the rock wall.
You feel drained.
You dig through the rock wall.
You feel drained.
You dig through the rock wall.
You feel drained.
A centaur warrior comes into view.
You retract your mandibles.
You extend your mandibles.
You dig through the rock wall.
You feel drained.
You dig through the rock wall.
You feel drained.
You dig through the rock wall.
You feel drained.
A queen bee comes into view.
Found 18 stones and 28 bolts.
You retract your mandibles.
You extend your mandibles.
You dig through the rock wall.
You feel drained.
You retract your mandibles.
Found a scroll of identify.
Press: ? - help, . - travel You can't see that place. [the floor.] Placed new exclusion.
Unknown command.
Unknown command.
Found a scroll of noise.
d - a scroll of identify
As you read the scroll of identify, it crumbles to dust.
h - a scroll of enchant armour
As you read the scroll of enchant armour, it crumbles to dust.
Your +0 pair of gloves glows green for a moment.
A manticore comes into view.
Found 18 stones.
The manticore flicks its tail.
The volley of spikes hits you!
The barbed spikes become lodged in your body.
Ouch! That really hurt!
You die...

*,,* *,,,* *,,,* *,,* *,,*
*,,,* *,,* *,,,* *,,,*****,,*
*,,* *,,,* *****,,****,,,*
*,,,,,,,,,,* *,,* *,,,*
,,,,,,,,,,,,,,*
*,,,,,,,,,,******,,* *,,,*
****,,,,,,^,,,*
*,,,******,,,,,,,,,* *,,,* *
*,,,,,,,,,,* *,,,*
*,******,,***,,,* *
*,,,,,,,,,,* *,,,* *,*
*,,,,,,,,* * *,,,,,,,,,,*
*,,,* *,* *,,,,,,,,* *
*,,,,,,,,,,* *,,,* *,*
*,*****,,****** * *,,,,,,,,,,*
*,,,* *,* *,* *,,,,,,,, *
*,,,,,,,,,,* *,,,* *,* *,*
*,,,,,,,, * *,,,,,,,,,,* *,,,*
*,* *,* *,******* *
*,,,,,,,,,,* *,,,* *.# *,* *,*
* *,,,,,,,,,,* *,,,* *.# *,*
*,* * *,,,,,,,,,,***#*,,,* *.#
*,* *,* * *,,,,,,,,,,,,,...,,*
#.# *,* *,* *
*,,,,,,,,,,,,<.....######.#
*,# *,*
****,,,,,,,,,,****#.....@....#
*.# *,* ,,,,,,,,,,,,,,*
#..........######.# *,*
,,,,,,,,,,,,,,*
#..######.........# *,* *
*****,,,,,,,,,* *#H,*
#.........# *,* *
*,*****,,,****,,,*
#.........#####,* * *,*
*,,,**,*,,,* #..............c*
* *,* ******,*,{,*
#...............##***** *,*
*,,,,,*,,,*
#..........#*#....,,,,,
*,******,,*,*,*,**
#..........# #....,,,{,
*,,,,,,*,*,,,*,,,*
#..........# #...,,,{,{
*,****,*,,,,,*,,,*
#..........# #..###****
*,**,,,,,*,,>*,,,*
#..........###..#.##
*,**,****,****,,,*
#...........##...#.##
*,**,*⌠,,*,,,,,,,*
#?..(......#.#..###.##
*,**,*,,,,,****,,*
#...........#...# ##.#
*,,,,*,,,*,* *,,*
#...(......###(<###.##
*,*,*,*,*,,* *,,* #..........#
#<.##.## *,,,,*,,,,,* *,,*
*..........# #.(###.##


You could see a manticore.

Vanquished Creatures
  A wizard (D:14)
  An ugly thing (D:15)
  A deep elf pyromancer (D:14)
  A cyclops (D:6)
  A centaur skeleton (D:8)
  A hellwing (D:8)
  Grinder (D:5)
  Sigmund (D:5)
  A wraith (D:5)
  An orc warrior (D:5)
  An ice beast (D:8)
  A necrophage (D:4)
  5 ogres
  A phantom (D:6)
  3 kobold brigands
  A bullfrog (D:7)
  3 scorpions (D:6)
  4 wights (D:6)
  3 orc priests
  4 centaur zombies
  3 hounds
  3 jellies (D:6)
  A bullfrog skeleton (D:6)
  3 iguanas
  3 orc wizards (D:5)
  A hound skeleton (D:4)
  A howler monkey zombie (D:6)
  5 adders
  A shadow imp (D:8)
  2 white imps
  6 worms
  3 dart slugs
  15 orcs
  8 endoplasms
  5 giant cockroaches
  5 goblins
  8 hobgoblins
  10 jackals
  5 quokkas
  3 training dummies (D:5)
  8 ball pythons
  9 bats
  7 frilled lizards
  14 kobolds
  6 rats
171 creatures vanquished.

Notes
Turn   | Place    | Note
-------+----------+-------------------------------------------
     0 | D:1      | petzl the Formicid Arcane Marksman began the quest for the
                  | Orb.
     0 | D:1      | Reached XP level 1. HP: 15/15 MP: 2/2
   120 | D:1      | Reached XP level 2. HP: 21/21 MP: 3/3
   153 | D:1      | Reached skill level 1 in Stealth
   273 | D:1      | Reached XP level 3. HP: 17/26 MP: 5/5
   546 | D:1      | Reached skill level 1 in Armour
  1539 | D:2      | Reached XP level 4. HP: 33/33 MP: 6/6
  1968 | D:2      | Upgraded the game from 0.29-a0-96-g93358da72b to
                  | 0.29-a0-97-g88c9fad16d
  2185 | D:2      | Found a faded altar of an unknown god.
  2949 | D:3      | Identified the +1 robe of the Undertaker {Int-3 Dex+5
                  | Slay+4 Stlth+}
  3180 | D:3      | Reached XP level 5. HP: 38/38 MP: 6/8
  3409 | D:4      | Noticed an ogre
  3442 | D:4      | Found an ancient bone altar of Kikubaaqudgha.
  3442 | D:4      | Found a basalt altar of Yredelemnul.
  3449 | D:4      | Found a blossoming altar of Fedhas.
  3449 | D:4      | Found a glowing silver altar of Zin.
  3537 | D:4      | Found a stormy altar of Qazlal.
  3902 | D:4      | Killed an ogre
  3903 | D:4      | Reached XP level 6. HP: 46/46 MP: 8/10
  3946 | D:4      | Noticed a necrophage
  4035 | D:4      | Killed a necrophage
  4113 | D:5      | Entered Level 5 of the Dungeon
  4119 | D:5      | Found Pyhu's Firing Range.
  4250 | D:4      | Reached XP level 7. HP: 33/51 MP: 11/11
  5402 | D:4      | Reached XP level 8. HP: 36/58 MP: 3/14
  5718 | D:5      | Noticed Sigmund
  5835 | D:5      | Noticed Grinder
  5838 | D:5      | Noticed a wraith
  6352 | D:5      | Reached skill level 1 in Evocations
  6450 | D:5      | Killed Grinder
  6451 | D:5      | Reached skill level 5 in Spellcasting
  7058 | D:5      | Reached skill level 5 in Stealth
  7306 | D:6      | Reached XP level 9. HP: 66/66 MP: 17/17
  7973 | D:5      | Killed Sigmund
  7974 | D:5      | Reached skill level 5 in Fighting
  8297 | D:5      | Bought 19 bolts for 49 gold pieces
  8454 | D:6      | Learned a level 6 spell: Conjure Ball Lightning
  8600 | D:6      | Noticed a cyclops
  8760 | D:6      | Reached skill level 1 in Conjurations
  9124 | D:6      | Reached skill level 1 in Long Blades
  9355 | D:6      | Killed a cyclops
  9356 | D:6      | Reached skill level 1 in Air Magic
  9356 | D:6      | Reached XP level 10. HP: 44/76 MP: 20/20
  9574 | D:7      | Found Qaanal's Antique Weapon Boutique.
  9577 | D:7      | Noticed Maggie
  9799 | D:6      | You are sucked into a shaft and drop 2 floors!
  9958 | D:8      | HP: 2/77 [hellwing (12)]
  9963 | D:8      | You are sucked into a shaft and drop 2 floors!
  9963 | D:10     | Entered Level 10 of the Dungeon
  9967 | D:10     | You are sucked into a shaft and drop 1 floor!
  9972 | D:11     | You are sucked into a shaft and drop 1 floor!
 10265 | D:12     | Learned a level 4 spell: Cause Fear
 10297 | D:12     | Noticed a tengu warrior
 10333 | D:12     | Noticed a cyan ugly thing
 10382 | D:9      | Noticed a two-headed ogre
 10485 | D:10     | Noticed Snorg
 10570 | D:9      | Found a staircase to the Orcish Mines.
 10728 | D:9      | You are sucked into a shaft and drop 3 floors!
 10731 | D:12     | You are sucked into a shaft and drop 2 floors!
 10821 | D:14     | Noticed a green ugly thing
 10825 | D:14     | Noticed a deep elf pyromancer
 10836 | D:14     | Killed a deep elf pyromancer
 10895 | D:14     | Found a transporter.
 10910 | D:14     | Noticed a wizard
 10929 | D:14     | Killed a wizard
 10934 | D:14     | Noticed a gargoyle
 10966 | D:14     | Noticed a skeletal warrior
 10982 | D:15     | Entered Level 15 of the Dungeon
 10992 | D:14     | Noticed a centaur warrior
 11005 | D:15     | Noticed a red ugly thing
 11011 | D:15     | Noticed a red ugly thing
 11016 | D:15     | Killed a white ugly thing
 11016 | D:15     | Noticed a red ugly thing
 11017 | D:15     | Noticed a red ugly thing
 11019 | D:15     | Noticed a red ugly thing
 11020 | D:15     | Noticed a red ugly thing
 11076 | D:15     | Noticed a centaur warrior
 11101 | D:15     | Noticed a manticore
 11101 | D:15     | Killed from afar by a manticore

Illustrated notes

Levels and vault maps discovered:
D:1:      minmay_arrival_diagonal_passages, layout_basic, lemuel_old_faithful
D:2:      layout_basic, basic_ecumenical_altar
D:3:      layout_loops_ring, nicolae_concentric_dashed_squares_wild,
          hangedman_decor_peaks_small
D:4:      minmay_polygon_palace, layout_cave_pods, grunt_temple_overflow_open,
          nicolae_qazlal_eye_of_the_storm
D:5:      layout_gridville, nicolae_shop_firing_range, uniq_grinder,
          uniq_sigmund
D:6:      layout_loops_corners
D:7:      layout_cave_pools, minmay_temple_entry_statues_pillars, serial_shops,
          nicolae_shop_waterfront, uniq_maggie
D:8:      cheibrodos_grave_circle, layout_loops_cross, serial_rivers,
          chequers_serial_rivers_micro_c, chequers_serial_rivers_small_3,
          chequers_serial_rivers_large_a, chequers_serial_rivers_micro_d,
          uniq_grum
D:9:      layout_roguey, orc_0_dummy, uniq_joseph
D:10:     layout_basic, tgw_xom, uniq_snorg, uniq_urug, uniq_sonja
D:11:     layout_cave_pools, dpeg_oklobed_lair, minmay_misc_feat_nine_boxes,
          worms_lemuel, uniq_maurice, uniq_nergalle
D:12:     layout_loops_ring, nicolae_wu_jian_wuxing_cycle, uniq_josephine,
          uniq_azrael
D:14:     layout_rooms, grunt_vaults_entry_tiered, serial_bayou_shore_b,
          hellmonk_jugg_or_not
D:15:     hangedman_depths_entry_civil_slaughter, layout_long_grid,
          nicolae_ru_path_of_blood

Skill      XL: |  1  2  3  4  5  6  7  8  9 10 |
---------------+-------------------------------+-----
Stealth        | 1 2 3 4 5 6 7 |  7.9
Dodging        | 2 3 4 |  4.9
Armour         | 1 2 3 |  3.2
Fighting       | 2 3 4 5 6 |  6.7
Spellcasting   | 2 3 4 5 7 |  7.7
Crossbows      | 3 4 |  4.0
Evocations     | 2 3 |  3.0
Conjurations   | 2 4 |  4.5
Long Blades    | 1 2 |  2.0
Air Magic      | 1 2 |  2.7
Hexes          | 4 |  4.2

Action                   |  1- 3 |  4- 6 |  7- 9 | 10-12 || total
-------------------------+-------+-------+-------+-------++-------
Melee: Short sword       |       |    39 |    18 |       ||    57
       Punch             |       |     2 |       |     2 ||     4
       Scimitar          |       |       |    41 |    39 ||    80
 Fire: Hand crossbow     |    94 |    88 |   209 |    42 ||   433
Throw: Throwing net      |       |       |     1 |       ||     1
       Dart              |       |       |     6 |       ||     6
 Cast: Slow              |       |     5 |    67 |    18 ||    90
       Cause Fear        |       |       |       |     1 ||     1
 Abil: Dig               |       |       |     2 |    12 ||    14
       Shaft Self        |       |       |       |     6 ||     6
Evoke: Wand              |       |       |     1 |     4 ||     5
  Use: Scroll            |       |     1 |     3 |     8 ||    12
       Potion            |       |       |     1 |     1 ||     2
 Stab: Sleeping          |       |     2 |       |       ||     2
Armor: Robe              |    10 |     5 |    11 |    34 ||    60
       Ring mail         |       |     8 |       |       ||     8
Dodge: Dodged            |    28 |    33 |    73 |    50 ||   184

Table legend: (Time is in decaauts)
 A = Elapsed time spent in this place.
 B = Non-inter-level travel time spent in this place.
 C = Inter-level travel time spent in this place.
 D = Time resting spent in this place.
 E = Time spent auto-exploring this place.
 F = Levels seen in this place.
 G = Mean time per level.
                   A        B        C        D        E       F      G
               +--------+--------+--------+--------+--------+-----+--------+
         Total |  11262 |  10810 |    452 |   2396 |   4034 |  14 |  804.4 |
       Dungeon |  11262 |  10810 |    452 |   2396 |   4034 |  14 |  804.4 |
               +--------+--------+--------+--------+--------+-----+--------+

Top non-repeatable levels by time:
     D:4: 2481 daAuts
     D:6: 2160 daAuts
     D:5: 1784 daAuts
     D:2: 1576 daAuts
     D:1: 1146 daAuts
     D:3: 691 daAuts
    D:12: 395 daAuts
    D:14: 262 daAuts
     D:9: 243 daAuts
     D:8: 176 daAuts
    D:10: 118 daAuts
    D:15: 110 daAuts
     D:7: 100 daAuts
    D:11: 13 daAuts
